 Dungeon Crawl Stone Soup version 0.31.0-11-ge490571c62 (webtiles) character file.

Game seed: 4551416285469987379

221 qw the Skirmisher (level 5, -4/30 HPs)
             Began as a Deep Elf Hunter on Feb 4, 2024.
             Slain by a lemure (6 damage)
             ... led by Pikel
             ... on level 4 of the Dungeon.
             The game lasted 00:00:14 (2923 turns).

qw the Skirmisher (Deep Elf Hunter)                 Turns: 2923, Time: 00:00:14

Health: -4/30      AC:  6    Str: 10    XL:     5   Next: 65%
Magic:  7/7        EV: 11    Int: 14    God:
Gold:   101        SH:  5    Dex: 18    Spells: 4/4 levels left

rFire   . . .        a - +0 shortbow
rCold   . . .        (shield currently unavailable)
rNeg    . . .        d - +0 ring mail
rPois   .            (no helmet)
rElec   .            (no cloak)
rCorr   .            (no gloves)
SInv    .            e - +0 pair of boots
Will    .....        g - amulet of reflection
Stlth   +            (no ring)
HPRegen 0.25/turn    (no ring)
MPRegen 0.10/turn

%: reflection
@: no status effects
A: no striking features
a: no special abilities


You were on level 4 of the Dungeon.
You visited 1 branch of the dungeon, and saw 4 of its levels.

You collected 141 gold pieces.
You spent 40 gold pieces at shops.


   Skills:
 + Level 1.7 Fighting
 - Level 9.1 Ranged Weapons
 - Level 2.4 Dodging
 - Level 1.2 Stealth


You had 4 spell levels left.
You didn't know any spells.
Your spell library was empty.

Inventory:

Hand Weapons
 a - a +0 shortbow (weapon)
Armour
 c - the +1 ring mail "Evacwu" {Dex+3}
   (You found it on level 4 of the Dungeon)

   Dex+3:     It affects your dexterity (+3).
 d - a +0 ring mail (worn)
 e - a +0 pair of boots (worn)
Jewellery
 g - an amulet of reflection (around neck)
Scrolls
 b - a scroll of vulnerability {unknown}
Potions
 f - a potion of cancellation
 h - a potion of curing

Dungeon Overview and Level Annotations

Branches:
Dungeon (4/15)
 Temple: D:4-7

Altars:
Kikubaaqudgha
Ru
Sif Muna
Uskayaw
Vehumet

Shops:
D:1 *

Annotations:
D:4 Pikel


Message History

The lemure hits you.
You shoot an arrow. The arrow completely misses the lemure.
The lemure hits you.
You shoot an arrow. The arrow hits the lemure.
The lemure is heavily wounded.
The lemure hits you but does no damage. x2
You shoot an arrow.
The arrow hits the lemure but does no damage.
The lemure is heavily wounded.
The lemure hits you but does no damage.
You shoot an arrow. The arrow hits the lemure.
The lemure is severely wounded.
The lemure hits you.
You shoot an arrow. The arrow barely misses the lemure.
The lemure closely misses you.
You shoot an arrow. The arrow barely misses the lemure.
The lemure hits you.
You shoot an arrow. The arrow hits the lemure.
The lemure is severely wounded.
The lemure hits you.
You shoot an arrow. The arrow closely misses the lemure.
The lemure hits you but does no damage.
A lemure comes into view.
2916 ||| RETREEEEATING.
You hear the brisk rusting of a drain nearby.
The lemure closely misses you.
You shoot an arrow. The arrow barely misses the lemure.
The lemure barely misses you.
You shoot an arrow. The arrow hits the lemure.
The lemure is almost dead.
The lemure hits you.
2919 ||| RETREEEEATING.
2920 ||| RETREEEEATING.
You shoot an arrow. The arrow closely misses the lemure.
The lemure hits you but does no damage.
You shoot an arrow. The arrow closely misses the lemure.
The lemure hits you.
You shoot an arrow. The arrow barely misses the lemure.
The lemure hits you.
You die...

##.###########..##
#.%#....#
##......# ###....#
K #......# ..
#....#....## #...
..####.....##.....
# #....5..%.....5.
....##@#.....?....
### #.#..........
..#........#.
.###.....5..# ##
###..##### ##..
##>


You could see a lemure.

Vanquished Creatures
  A lemure (D:4)
  A bombardier beetle (D:3)
  A hound (D:4)
  An iguana (D:4)
  5 adders
  4 ribbon worms
  An orc (D:3)
  6 ball pythons
  7 endoplasms
  4 giant cockroaches
  7 goblins
  6 hobgoblins
  5 jackals
  5 kobolds
  4 quokkas
  9 bats
  A frilled lizard (D:2)
  7 rats
75 creatures vanquished.

Vanquished Creatures (others)
  A human (D:3)
1 creature vanquished.

Grand Total: 76 creatures vanquished

Notes
Turn   | Place    | Note
-------+----------+-------------------------------------------
     0 | D:1      | qw the Deep Elf Hunter began the quest for the Orb.
     0 | D:1      | Reached XP level 1. HP: 12/12 MP: 3/3
     0 | D:1      | 0 ||| qw: Version: 0.3-a-160-g6735b56
     0 | D:1      | 0 ||| qw: Game counter: 5309
     0 | D:1      | 0 ||| qw: Melee chars always use a shield: true
     0 | D:1      | 0 ||| qw: God list: Okawaru
     0 | D:1      | 0 ||| qw: Allow faded altars: false
     0 | D:1      | 0 ||| qw: Do Orc after clearing Dungeon:15 true
     0 | D:1      | 0 ||| qw: Do second Lair branch before Depths: true
     0 | D:1      | 0 ||| qw: Lair rune preference: random
     0 | D:1      | 0 ||| qw: Goals: Normal
     0 | D:1      | 0 ||| PLANNING D:1-11
    73 | D:1      | Reached XP level 2. HP: 16/16 MP: 4/4
    77 | D:1      | Reached skill level 6 in Ranged Weapons
   134 | D:1      | You fall into a shaft and drop 1 floor!
   265 | D:2      | 265 ||| UPGRADING to +2 robe of willpower.
   275 | D:2      | 275 ||| DROPPING +0 leather armour.
   276 | D:2      | 276 ||| UPGRADING to amulet of reflection.
   281 | D:2      | 281 ||| READING scroll labelled OTSYNA WONIM.
   282 | D:2      | 282 ||| READING scroll labelled LIBERY TUATOI.
   283 | D:2      | 283 ||| READING scroll labelled COBU URUBOESI.
   283 | D:2      | 283 ||| IDENTIFYING fizzy yellow potion
   284 | D:2      | 284 ||| DROPPING scroll of butterflies.
   326 | D:1      | Reached XP level 3. HP: 20/20 MP: 5/5
   431 | D:1      | Found Goirghiem's General Store.
   436 | D:1      | 436 ||| BUYING +0 scale mail (40 gold).
   436 | D:1      | Bought a +0 scale mail for 40 gold pieces
   436 | D:1      | 436 ||| SHOPLISTING +6 shortbow "Usonuzut" {elec, rC- rCorr
                  | Dex-5 Stlth+} (375 gold, have 10).
   570 | D:1      | 570 ||| READING scroll labelled DOSKYO MISAWU.
   570 | D:1      | 570 ||| ENCHANTING +0 shortbow.
   571 | D:1      | 571 ||| READING scroll labelled HAMUYM ZOFEO.
   858 | D:2      | Reached skill level 7 in Ranged Weapons
   925 | D:2      | 925 ||| Stepping randomly (stuck).
  1302 | D:2      | Reached XP level 4. HP: 14/25 MP: 6/6
  1372 | D:2      | 1372 ||| UPGRADING to +0 ring mail.
  1382 | D:2      | 1382 ||| DROPPING +0 scale mail.
  1383 | D:2      | 1383 ||| DROPPING +2 robe of willpower.
  1384 | D:2      | 1384 ||| READING scroll of identify.
  1384 | D:2      | 1384 ||| IDENTIFYING glowing orange potion
  1385 | D:2      | 1385 ||| DRINKING 2 sedimented puce potions.
  1386 | D:2      | 1386 ||| DROPPING potion of ambrosia.
  1395 | D:3      | 1395 ||| STAIRDANCE
  1447 | D:3      | Found a radiant altar of Vehumet.
  1516 | D:3      | Reached skill level 8 in Ranged Weapons
  1536 | D:3      | Found a hide-covered altar of Uskayaw.
  1554 | D:3      | HP: 6/25 [poisoned by an adder]
  1660 | D:3      | 1660 ||| DROPPING amulet of regeneration.
  1730 | D:3      | HP: 4/25 [ribbon worm (7)]
  1738 | D:3      | HP: 3/25 [ribbon worm (1)]
  1740 | D:3      | HP: 1/25 [ribbon worm (3)]
  1868 | D:3      | Reached XP level 5. HP: 29/29 MP: 7/7
  1988 | D:3      | Found a sacrificial altar of Ru.
  2126 | D:3      | Found a shimmering blue altar of Sif Muna.
  2254 | D:3      | Found an ancient bone altar of Kikubaaqudgha.
  2255 | D:3      | Noticed a human
  2257 | D:3      | Killed a human
  2614 | D:3      | 2614 ||| UPGRADING to +0 pair of boots.
  2619 | D:3      | 2619 ||| READING scroll of identify.
  2619 | D:3      | 2619 ||| IDENTIFYING 2 murky grey potions
  2620 | D:3      | 2620 ||| DROPPING 2 potions of attraction.
  2670 | D:4      | 2670 ||| PLANNING SEWER
  2773 | D:4      | Noticed a lemure
  2774 | D:4      | 2774 ||| RETREEEEATING.
  2776 | D:4      | 2776 ||| RETREEEEATING.
  2779 | D:4      | 2779 ||| RETREEEEATING.
  2790 | D:4      | Killed a lemure
  2791 | D:4      | HP: 7/29 [hound (3)]
  2796 | D:4      | Reached skill level 9 in Ranged Weapons
  2893 | D:4      | Identified the +1 ring mail "Evacwu" {Dex+3}
  2895 | D:4      | Noticed a lemure
  2896 | D:4      | Noticed Pikel
  2897 | D:4      | 2897 ||| RETREEEEATING.
  2914 | D:4      | HP: 6/30 [lemure[Pikel] (3)]
  2915 | D:4      | Noticed a lemure
  2916 | D:4      | 2916 ||| RETREEEEATING.
  2919 | D:4      | 2919 ||| RETREEEEATING.
  2920 | D:4      | 2920 ||| RETREEEEATING.
  2922 | D:4      | HP: 2/30 [lemure[Pikel] (5)]
  2923 | D:4      | Slain by a lemure

Levels and vault maps discovered:
D:1:      wander_arrival_estate, layout_rooms, serial_shops,
          nicolae_shop_just_a_little_nook, minmay_tetromino_o2
D:2:      layout_basic
D:3:      minmay_recursive_quarters, layout_basic, mainiacjoe_overflow_brackets,
          mainiacjoe_overflow_cross_hatched,
          nicolae_uskayaw_murder_on_the_dancefloor, tgw_kikubaaqudgha,
          mainiacjoe_overflow_boulevard, item_on_display_a
D:4:      layout_rooms, portal_sewer_entry_d, uniq_pikel, uniq_duvessa

Skill      XL: |  1  2  3  4  5 |
---------------+----------------+-----
Ranged Weapons | 6 7 8 9 |  9.1
Fighting       | |  1.7
Dodging        | |  2.4
Stealth        | |  1.2

Action                     |  1- 3 |  4- 6 || total
---------------------------+-------+-------++-------
   Fire: Shortbow          |   136 |   152 ||   288
    Use: Scroll            |     5 |     2 ||     7
         Potion            |       |     1 ||     1
 Armour: Robe              |    31 |       ||    31
         Ring mail         |       |    77 ||    77
  Dodge: Dodged            |    41 |    63 ||   104
  Block: Other             |     5 |    18 ||    23
         Reflection        |     1 |       ||     1

Table legend:
 A = Non-vault XP
 B = Vault XP
 C = Vault XP percentage of total XP
 D = Non-vault monster count
 E = Vault monster count
 F = Vault count percentage of total count
                 A         B        C        D         E       F
            +---------+---------+-------+---------+---------+-------
      Total |     295 |      22 |   6.9 |      65 |       9 |  12.2
            +---------+---------+-------+---------+---------+-------
        D:1 |      35 |       2 |   5.4 |      21 |       1 |   4.5
        D:2 |      65 |       0 |   0.0 |      22 |       0 |   0.0
        D:3 |     100 |      20 |  16.7 |      18 |       8 |  30.8
        D:4 |      95 |       0 |   0.0 |       4 |       0 |   0.0
            +---------+---------+-------+---------+---------+-------
